[Event "33rd Croatian Junior League 2024"]
[Site "Novalja"]
[Date "2024.04.04"]
[Round "5.10"]
[White "Perusko, Niko"]
[Black "Dumancic, Simun"]
[Result "1/2-1/2"]
[ECO "D02"]
[WhiteElo "1958"]
[BlackElo "2027"]
[Annotator "RC"]
[PlyCount "76"]
[EventDate "2024.03.28"]
[EventType "team-tourn"]
[EventCountry "CRO"]
[SourceTitle "playchess.com"]
[Source "ChessBase"]
[SourceQuality "1"]
[TimeControl "5400+30"]

1. Nf3 c5 2. g3 d5 3. Bg2 Nc6 4. d4 cxd4 5. Nxd4 e5 6. Nxc6 bxc6 7. O-O Bc5 8. c4 Ne7 9. cxd5 cxd5 10. Nc3 Be6 11. Qa4+ Qd7 12. Qxd7+ Kxd7 13. Rd1 Kc6 14. Na4 Bb6 15. Bd2 e4 16. Bc3 Nf5 17. Rac1 Kb7 18. Nxb6 axb6 19. a3 Rhd8 20. e3 Rac8 21. Bh3 g6 22. Bxf5 Bxf5 23. Bd2 d4 24. exd4 Rxd4 25. Be3 Rxd1+ 26. Rxd1 Rc2 27. Rd2 Rc1+ 28. Kg2 Rb1 29. h3 Be6 30. g4 Bc4 31. g5 Bd3 32. Kg3 Kc6 33. Kf4 Rh1 34. Ke5 Rxh3 35. Kf6 b5 36. Kxf7 Kd5 37. b3 Ke5 38. Kg7 Rh1 1/2-1/2

[Event "33rd Croatian Junior League 2024"]
[Site "Novalja"]
[Date "2024.04.04"]
[Round "5.11"]
[White "Sagovac, Kristijan"]
[Black "Pahljina, Ivo"]
[Result "0-1"]
[ECO "B07"]
[WhiteElo "2030"]
[BlackElo "1871"]
[Annotator "RC"]
[PlyCount "134"]
[EventDate "2024.03.28"]
[EventType "team-tourn"]
[EventCountry "CRO"]
[SourceTitle "playchess.com"]
[Source "ChessBase"]
[SourceQuality "1"]
[TimeControl "5400+30"]

1. e4 d6 2. d4 Nf6 3. Nc3 Nbd7 4. f4 e5 5. Nf3 exd4 6. Qxd4 c6 7. Bc4 d5 8. exd5 Bc5 9. Qd3 Qe7+ 10. Qe2 Nb6 11. d6 Qxe2+ 12. Bxe2 Bf5 13. Bd3 Bxd3 14. cxd3 O-O-O 15. d4 Rhe8+ 16. Kf2 Bxd6 17. Ne5 Re7 18. Rf1 Nfd5 19. g3 f6 20. Nd3 Rde8 21. Re1 Rxe1 22. Nxe1 Bb4 23. Ne2 Bxe1+ 24. Kxe1 Nc4 25. Kf2 Nb4 26. b3 Nd6 27. a3 Ne4+ 28. Kf1 Nd3 29. Ra2 Nc3 30. Nxc3 Re1+ 31. Kg2 Nxc1 32. Ra1 Nd3 33. Ra2 Nc1 34. Ra1 Nd3 35. Ra2 Re3 36. Ne2 Kd7 37. Rd2 Kd6 38. Ra2 h6 39. Rd2 g5 40. fxg5 hxg5 41. h4 gxh4 42. gxh4 Ke6 43. Rxd3 Rxe2+ 44. Kf3 Ra2 45. a4 f5 46. Re3+ Kf6 47. Re8 Rb2 48. Rf8+ Kg6 49. Kf4 Rxb3 50. Rxf5 Rb4 51. Ke5 Rxa4 52. Rf6+ Kg7 53. h5 Ra5+ 54. Ke6 Rb5 55. Rf1 Kh6 56. Rh1 a5 57. Kd6 Rxh5 58. Rb1 Rb5 59. Rxb5 cxb5 60. Ke7 b4 61. d5 b3 62. d6 b2 63. d7 b1=Q 64. d8=Q Qe4+ 65. Kf7 Qf5+ 66. Ke8 Qg6+ 67. Kf8 Qg7+ 0-1

[Event "33rd Croatian Junior League 2024"]
[Site "Novalja"]
[Date "2024.04.04"]
[Round "5.12"]
[White "Mucic, Lovro"]
[Black "Martic, Filip"]
[Result "1/2-1/2"]
[ECO "A03"]
[WhiteElo "1884"]
[BlackElo "1897"]
[Annotator "NA RC"]
[PlyCount "115"]
[EventDate "2024.03.28"]
[EventType "team-tourn"]
[EventCountry "CRO"]
[SourceTitle "playchess.com"]
[Source "ChessBase"]
[SourceQuality "1"]
[TimeControl "5400+30"]

1. f4 d5 2. Nf3 c5 3. d3 Nf6 4. g3 g6 5. Bg2 Bg7 6. O-O O-O 7. Nc3 d4 8. Ne4 Qb6 9. h3 (9. Nxf6+ $11 {feels stronger.} Qxf6 10. Ne5) 9... Nc6 (9... Nxe4 $15 10. dxe4 Nc6) 10. g4 Nd5 11. Rb1 f5 12. gxf5 gxf5 13. Ng3 Nc3 14. bxc3 Qxb1 15. Nh5 Qxa2 16. Nxg7 Kxg7 17. e4 $19 (17. cxd4 $17 cxd4 18. Qd2) 17... h6 18. Nh4 Qf7 19. Ba3 b6 20. exf5 Bb7 21. Qg4+ Kh7 22. Qg6+ Qxg6 23. fxg6+ Kg7 24. cxd4 cxd4 25. Bb2 Rad8 26. Be4 Na5 27. Nf5+ Kxg6 28. Nxe7+ Kf6 29. Bxb7 Nxb7 30. Nc6 Rg8+ 31. Kf2 Rc8 32. Nxd4 Kf7 33. Kf3 Nd6 34. c4 h5 35. Ba3 Rgd8 36. Bb2 b5 37. cxb5 Nxb5 38. Nxb5 Rb8 39. Bd4 Rxb5 40. Bxa7 Rxd3+ 41. Be3 Rbb3 42. Re1 Kf6 43. Ke4 h4 44. Re2 Ra3 45. Re1 Rdb3 46. Bd4+ Kf7 47. Re3 Rxe3+ 48. Bxe3 Rb3 49. f5 Kf6 50. Bd4+ Kg5 51. Be3+ Kf6 52. Bd4+ Kf7 53. Be3 Ra3 54. Kf4 Rd3 55. Bf2 Rxh3 56. Kg4 Rb3 57. Bxh4 Rb1 58. Bd8 1/2-1/2

[Event "33rd Croatian Junior League 2024"]
[Site "Novalja"]
[Date "2024.04.05"]
[Round "6.1"]
[White "Gal, Andrej"]
[Black "Troselj, Ivan"]
[Result "1-0"]
[ECO "E04"]
[WhiteElo "2274"]
[BlackElo "2072"]
[Annotator "RC"]
[PlyCount "101"]
[EventDate "2024.03.28"]
[EventType "team-tourn"]
[EventCountry "CRO"]
[SourceTitle "playchess.com"]
[Source "ChessBase"]
[SourceQuality "1"]
[TimeControl "5400+30"]

1. d4 d5 2. c4 e6 3. Nf3 Nf6 4. g3 a6 5. Bg2 dxc4 6. O-O Nc6 7. e3 Nd5 8. Qe2 b5 9. b3 cxb3 10. axb3 Bb4 11. Ne1 Bb7 12. Nd3 Be7 13. Bd2 O-O 14. Rc1 Ra7 15. Nc3 Qa8 16. Nxd5 exd5 17. Nc5 Rd8 18. Rc2 Bc8 19. Rac1 Bf5 20. Nd3 Rd6 21. Rc5 Be4 22. f3 Bg6 23. Nf4 Bf8 24. h4 h6 25. Qf2 Qb7 26. Nxg6 Rxg6 27. Rxd5 Nb4 28. Rd7 Nd3 29. Rcxc7 Qb8 30. Rxa7 Nxf2 31. f4 Nd1 32. Ra8 Qb6 33. Rdd8 Rxg3 34. Rxf8+ Kh7 35. h5 Rxg2+ 36. Kh1 Nf2+ 37. Kxg2 Qb7+ 38. Kxf2 g6 39. Rh8+ Kg7 40. d5 Kf6 41. hxg6 Qxd5 42. Bc3+ Kxg6 43. Rxa6+ Kf5 44. Re8 Qd3 45. Rf6+ Kg4 46. Rg8+ Kh5 47. Bd4 Qd2+ 48. Kf3 Qd1+ 49. Ke4 Qxb3 50. Rf5+ Kh4 51. Bf6+ 1-0

[Event "33rd Croatian Junior League 2024"]
[Site "Novalja"]
[Date "2024.04.05"]
[Round "6.2"]
[White "Damjanovic, Stjepan"]
[Black "Franc, Borna"]
[Result "0-1"]
[ECO "C45"]
[WhiteElo "2150"]
[BlackElo "2221"]
[Annotator "RC"]
[PlyCount "75"]
[EventDate "2024.03.28"]
[EventType "team-tourn"]
[EventCountry "CRO"]
[SourceTitle "playchess.com"]
[Source "ChessBase"]
[SourceQuality "1"]
[TimeControl "5400+30"]

1. e4 e5 2. Nf3 Nc6 3. d4 exd4 4. Nxd4 Bc5 5. Be3 Qf6 6. c3 Nge7 7. Bc4 Bb6 8. O-O O-O 9. f4 Nxd4 10. Bxd4 Bxd4+ 11. Qxd4 Qxd4+ 12. cxd4 d5 13. exd5 Nf5 14. Na3 a6 15. Rfe1 Bd7 16. Nc2 Rfe8 17. Re5 Nd6 18. Bd3 f6 19. Ree1 Bb5 20. Bxb5 axb5 21. Nb4 Kf7 22. b3 Nf5 23. Kf2 Nxd4 24. Red1 Re2+ 25. Kf1 Re4 26. Nd3 Nc2 27. Nf2 Re7 28. a4 Nxa1 29. Rxa1 Rd7 30. Ne4 Rxd5 31. Nc3 Rc5 32. Ne2 bxa4 33. bxa4 b6 34. Rd1 Rxa4 35. Rd7+ Ke8 36. Rxg7 Rc2 37. Rxh7 Raa2 38. Kf2 0-1

[Event "33rd Croatian Junior League 2024"]
[Site "Novalja"]
[Date "2024.04.05"]
[Round "6.3"]
[White "Marfat, Ivan"]
[Black "Bozic, Niko"]
[Result "1-0"]
[ECO "B07"]
[WhiteElo "1903"]
[BlackElo "1832"]
[Annotator "RC"]
[PlyCount "53"]
[EventDate "2024.03.28"]
[EventType "team-tourn"]
[EventCountry "CRO"]
[SourceTitle "playchess.com"]
[Source "ChessBase"]
[SourceQuality "1"]
[TimeControl "5400+30"]

1. e4 c6 2. Nc3 d6 3. d4 Nf6 4. f4 Qa5 5. Bd3 e5 6. Nf3 Bg4 7. Be3 Nbd7 8. O-O Be7 9. h3 Bxf3 10. Qxf3 h6 11. fxe5 dxe5 12. d5 Bc5 13. dxc6 bxc6 14. Bxc5 Nxc5 15. Qg3 Ne6 16. Rf5 Qb6+ 17. Kh2 Qxb2 18. Qe1 O-O 19. Rb1 Qa3 20. Rb3 Qa5 21. Qg3 Nd7 22. Ne2 Rab8 23. Bc4 Rxb3 24. axb3 Re8 25. Nd4 Qc7 26. Nxe6 fxe6 27. Qg6 1-0

[Event "33rd Croatian Junior League 2024"]
[Site "Novalja"]
[Date "2024.04.05"]
[Round "6.4"]
[White "Sosic, Zvan"]
[Black "Mesic, Josip"]
[Result "1/2-1/2"]
[ECO "C05"]
[WhiteElo "1868"]
[BlackElo "1745"]
[Annotator "NA RC"]
[PlyCount "64"]
[EventDate "2024.03.28"]
[EventType "team-tourn"]
[EventCountry "CRO"]
[SourceTitle "playchess.com"]
[Source "ChessBase"]
[SourceQuality "1"]
[TimeControl "5400+30"]

1. e4 e6 2. d4 d5 3. Nd2 Nf6 4. exd5 exd5 5. h3 Bf5 6. Ngf3 {[%emt 0:00:11] C05: French Tarrasch: 3...Nf6 4 e5 Nfd7, 5 f4 and 5 Bd3 sidelines.} Bd6 7. c4 c6 8. Be2 O-O 9. O-O Nbd7 10. Re1 dxc4 11. Nxc4 Nb6 12. Bg5 Nbd5 13. Bd3 Bxd3 14. Qxd3 Qc7 15. Nh4 Bf4 16. Bxf6 Nxf6 17. Nf5 g6 18. Nh4 Rfe8 19. Nf3 Bh6 20. Nfe5 Rad8 21. Rad1 Nd5 22. Qf3 Bg7 23. g3 b5 24. Ne3 Bxe5 25. dxe5 Rxe5 26. Nxd5 Rdxd5 27. Kg2 Rxd1 28. Rxd1 Rf5 29. Qe4 Qe5 30. Qxc6 Qxb2 31. Qa8+ Kg7 32. Qxa7 h5 $11 1/2-1/2

[Event "33rd Croatian Junior League 2024"]
[Site "Novalja"]
[Date "2024.04.05"]
[Round "6.5"]
[White "Zadro, Matej"]
[Black "Novosel, Lovro"]
[Result "1-0"]
[ECO "B14"]
[WhiteElo "1924"]
[BlackElo "2348"]
[Annotator "RC"]
[PlyCount "71"]
[EventDate "2024.03.28"]
[EventType "team-tourn"]
[EventCountry "CRO"]
[SourceTitle "playchess.com"]
[Source "ChessBase"]
[SourceQuality "1"]
[TimeControl "5400+30"]

1. e4 c6 2. d4 d5 3. exd5 cxd5 4. c4 Nf6 5. Nc3 e6 6. Nf3 Bb4 7. Bd3 h6 8. O-O O-O 9. Bf4 dxc4 10. Bxc4 Bxc3 11. bxc3 Nd5 12. Qd2 Nc6 13. Rfe1 Nxf4 14. Qxf4 Bd7 15. Rad1 Ne7 16. Ne5 Bc6 17. Bd3 Qa5 18. c4 Qc7 19. Re3 Rae8 20. Rg3 f6 21. Rxg7+ Kxg7 22. Qg3+ Kh8 23. Ng6+ Nxg6 24. Qxc7 f5 25. d5 exd5 26. cxd5 Bxd5 27. Qd6 Be6 28. Re1 Bf7 29. Rxe8 Bxe8 30. h4 h5 31. Be2 Kg7 32. Bxh5 a6 33. Bf3 Rf6 34. Qd4 Bf7 35. h5 Nf8 36. h6+ 1-0

[Event "33rd Croatian Junior League 2024"]
[Site "Novalja"]
[Date "2024.04.05"]
[Round "6.6"]
[White "Karlusic, Luka"]
[Black "Domovic, Ognjen"]
[Result "1/2-1/2"]
[ECO "D80"]
[WhiteElo "2232"]
[BlackElo "1973"]
[Annotator "RC"]
[PlyCount "118"]
[EventDate "2024.03.28"]
[EventType "team-tourn"]
[EventCountry "CRO"]
[SourceTitle "playchess.com"]
[Source "ChessBase"]
[SourceQuality "1"]
[TimeControl "5400+30"]

1. d4 Nf6 2. c4 g6 3. Nc3 d5 4. Bg5 Ne4 5. Bh4 Nxc3 6. bxc3 Bg7 7. e3 dxc4 8. Bxc4 c5 9. Nf3 O-O 10. O-O Nc6 11. Rb1 cxd4 12. cxd4 b6 13. Qe2 Na5 14. Bb5 Bb7 15. Rbc1 h6 16. Ba6 Qd7 17. Rc3 Rfc8 18. Bxb7 Nxb7 19. Rfc1 Rxc3 20. Rxc3 Nd6 21. Qc2 Rc8 22. Rxc8+ Qxc8 23. Qxc8+ Nxc8 24. Kf1 Kf8 25. Bg3 Ke8 26. Ke2 Kd7 27. Kd3 Kc6 28. Be5 f6 29. Bg3 h5 30. Nd2 Nd6 31. Bxd6 exd6 32. e4 f5 33. f3 fxe4+ 34. fxe4 b5 35. Nf3 Bf6 36. h3 a5 37. g4 hxg4 38. hxg4 Be7 39. Ne1 Bf6 40. Nc2 Bg5 41. Kc3 Bc1 42. Ne1 Bg5 43. Nf3 Be7 44. Kb3 Bd8 45. a4 Be7 46. Ng1 Bg5 47. Nf3 Be7 48. Ne1 Bh4 49. Nc2 Bf6 50. axb5+ Kxb5 51. Na3+ Kc6 52. Kc4 Bg5 53. Nb1 Be3 54. Nc3 Bg5 55. Na4 Bd2 56. d5+ Kd7 57. Kd4 Ke7 58. e5 dxe5+ 59. Kxe5 Bb4 1/2-1/2

[Event "33rd Croatian Junior League 2024"]
[Site "Novalja"]
[Date "2024.04.05"]
[Round "6.7"]
[White "Martic, Ivan"]
[Black "Mazuran, Gabrijel"]
[Result "1/2-1/2"]
[ECO "D02"]
[WhiteElo "2300"]
[BlackElo "2054"]
[Annotator "RC"]
[PlyCount "79"]
[EventDate "2024.03.28"]
[EventType "team-tourn"]
[EventCountry "CRO"]
[SourceTitle "playchess.com"]
[Source "ChessBase"]
[SourceQuality "1"]
[TimeControl "5400+30"]

1. d4 Nf6 2. Bf4 e6 3. e3 b6 4. c3 Bb7 5. Nd2 Be7 6. h3 O-O 7. Ngf3 d5 8. Bd3 c5 9. O-O c4 10. Bc2 b5 11. Ne5 Nbd7 12. Re1 b4 13. Qf3 Qc8 14. Rab1 a5 15. Red1 a4 16. cxb4 Bxb4 17. a3 Be7 18. e4 Nxe5 19. Bxe5 Nd7 20. Bf4 e5 21. Be3 Bf6 22. Nf1 exd4 23. Bxd4 Bxd4 24. Rxd4 Qc5 25. Qc3 Nb6 26. Ne3 Rac8 27. Rbd1 dxe4 28. Bxe4 Bxe4 29. Rxe4 Qb5 30. Rdd4 Rc5 31. Rd2 Qb3 32. Rc2 Rfc8 33. Rd4 g6 34. Rdd2 h5 35. Rd4 Qb5 36. Rcd2 Re5 37. Rd1 Ree8 38. R1d2 Qb3 39. Rc2 Qb5 40. Rcd2 1/2-1/2

[Event "33rd Croatian Junior League 2024"]
[Site "Novalja"]
[Date "2024.04.05"]
[Round "6.8"]
[White "Simunkovic, Bartol"]
[Black "Dimac, Petar"]
[Result "1-0"]
[ECO "B86"]
[WhiteElo "1885"]
[BlackElo "1623"]
[Annotator "NA RC"]
[PlyCount "77"]
[EventDate "2024.03.28"]
[EventType "team-tourn"]
[EventCountry "CRO"]
[SourceTitle "playchess.com"]
[Source "ChessBase"]
[SourceQuality "1"]
[TimeControl "5400+30"]

1. e4 c5 2. Nf3 d6 3. d4 cxd4 4. Nxd4 Nf6 5. Nc3 a6 6. Bc4 e6 7. a3 Be7 8. O-O O-O 9. f4 {[%emt 0:00:53] B86: Sicilian Scheveningen/Najdorf: 6 Bc4, without early ...b5.} b5 10. Ba2 Qc7 11. f5 e5 12. Nde2 (12. Nd5 $5 Nxd5 13. Bxd5 $11) 12... Bb7 13. Ng3 Nbd7 14. Bg5 Rac8 15. Bxf6 Nxf6 16. Nh5 Nxh5 (16... Bxe4 $2 {too greedy.} 17. Nxf6+ Bxf6 18. Nxe4 $18) (16... Nxe4 $2 {loses.} 17. Nxe4 Bxe4 18. Qg4 $18) 17. Qxh5 Qc5+ 18. Kh1 Qe3 19. Rad1 Rcd8 20. Bd5 Bxd5 21. Nxd5 Qg5 22. Qe2 Rfe8 23. Nc7 Ra8 24. c4 bxc4 25. Nxe8 Rxe8 26. Qxc4 Rb8 27. b4 a5 (27... Qe3 {is a better defense.} 28. Qxa6 Qxe4) 28. b5 Bf8 29. a4 Qd8 30. Rc1 Qb6 31. Qc7 Qxc7 32. Rxc7 g6 33. fxg6 fxg6 34. Rb1 Rb6 35. Rc6 $18 Rb7 36. b6 Bh6 37. Rc8+ Bf8 38. Rc7 Rb8 39. b7 1-0

[Event "33rd Croatian Junior League 2024"]
[Site "Novalja"]
[Date "2024.04.05"]
[Round "6.9"]
[White "Kovac, Petar"]
[Black "Sundac, Ivano"]
[Result "1/2-1/2"]
[ECO "D35"]
[WhiteElo "2173"]
[BlackElo "2066"]
[Annotator "RC"]
[PlyCount "37"]
[EventDate "2024.03.28"]
[EventType "team-tourn"]
[EventCountry "CRO"]
[SourceTitle "playchess.com"]
[Source "ChessBase"]
[SourceQuality "1"]
[TimeControl "5400+30"]

1. d4 d5 2. c4 e6 3. Nc3 Nf6 4. cxd5 exd5 5. Bg5 c6 6. e3 Bd6 7. Bd3 O-O 8. Qc2 h6 9. Bh4 Re8 10. Nf3 a5 11. O-O Na6 12. a3 Bg4 13. Bf5 Bxf5 14. Qxf5 Qd7 15. Qxd7 Nxd7 16. Rfc1 Nc7 17. Bg3 Bxg3 18. hxg3 Nb6 19. a4 1/2-1/2

[Event "33rd Croatian Junior League 2024"]
[Site "Novalja"]
[Date "2024.04.05"]
[Round "6.10"]
[White "Tomljanovic, Ivano"]
[Black "Konjevic, Nikola"]
[Result "1/2-1/2"]
[ECO "E54"]
[WhiteElo "2013"]
[BlackElo "2056"]
[Annotator "RC"]
[PlyCount "43"]
[EventDate "2024.03.28"]
[EventType "team-tourn"]
[EventCountry "CRO"]
[SourceTitle "playchess.com"]
[Source "ChessBase"]
[SourceQuality "1"]
[TimeControl "5400+30"]

1. d4 Nf6 2. c4 e6 3. Nf3 d5 4. Nc3 Bb4 5. a3 Bxc3+ 6. bxc3 c5 7. e3 O-O 8. Bd3 dxc4 9. Bxc4 Qc7 10. Be2 b6 11. O-O Ba6 12. Bxa6 Nxa6 13. Ne5 Nd7 14. Nd3 Rfd8 15. Qe2 Rac8 16. Bd2 Nab8 17. Rfd1 Nc6 18. Be1 Na5 19. a4 h6 20. f3 Qc6 21. Bh4 Re8 22. Bg3 1/2-1/2

[Event "33rd Croatian Junior League 2024"]
[Site "Novalja"]
[Date "2024.04.05"]
[Round "6.11"]
[White "Car, Filip"]
[Black "Ivancic, Ivan"]
[Result "1/2-1/2"]
[ECO "E04"]
[WhiteElo "2106"]
[BlackElo "1995"]
[Annotator "RC"]
[PlyCount "23"]
[EventDate "2024.03.28"]
[EventType "team-tourn"]
[EventCountry "CRO"]
[SourceTitle "playchess.com"]
[Source "ChessBase"]
[SourceQuality "1"]
[TimeControl "5400+30"]

1. d4 d5 2. c4 e6 3. Nf3 Nf6 4. g3 dxc4 5. Bg2 Nbd7 6. O-O c6 7. a4 a5 8. Nc3 Nd5 9. e4 Nb4 10. Bg5 Be7 11. Bxe7 Qxe7 12. Nd2 1/2-1/2

[Event "33rd Croatian Junior League 2024"]
[Site "Novalja"]
[Date "2024.04.05"]
[Round "6.12"]
[White "Hajdinic, Ema"]
[Black "Mandaric, Fran"]
[Result "1/2-1/2"]
[ECO "B23"]
[WhiteElo "1884"]
[BlackElo "1933"]
[Annotator "RC"]
[PlyCount "33"]
[EventDate "2024.03.28"]
[EventType "team-tourn"]
[EventCountry "CRO"]
[SourceTitle "playchess.com"]
[Source "ChessBase"]
[SourceQuality "1"]
[TimeControl "5400+30"]

1. e4 c5 2. Nc3 Nc6 3. Bb5 g6 4. Bxc6 bxc6 5. f4 Bg7 6. d3 Nf6 7. Nge2 O-O 8. O-O d6 9. h3 Ne8 10. f5 e6 11. fxg6 hxg6 12. Qe1 e5 13. Qg3 Nf6 14. Qh2 Nh7 15. g4 f5 16. gxf5 gxf5 17. exf5 1/2-1/2

[Event "33rd Croatian Junior League 2024"]
[Site "Novalja"]
[Date "2024.04.06"]
[Round "7.1"]
[White "Kovac, Petar"]
[Black "Gal, Andrej"]
[Result "1/2-1/2"]
[ECO "E42"]
[WhiteElo "2173"]
[BlackElo "2274"]
[Annotator "RC"]
[PlyCount "55"]
[EventDate "2024.03.28"]
[EventType "team-tourn"]
[EventCountry "CRO"]
[SourceTitle "playchess.com"]
[Source "ChessBase"]
[SourceQuality "1"]
[TimeControl "5400+30"]

1. d4 Nf6 2. c4 e6 3. Nc3 Bb4 4. e3 c5 5. Nge2 b6 6. a3 Ba5 7. Rb1 Na6 8. f3 Bb7 9. Kf2 Qe7 10. d5 Bxc3 11. Nxc3 d6 12. e4 O-O 13. Bd3 e5 14. g4 Bc8 15. Kg2 Nc7 16. Bg5 Bd7 17. Qd2 Rfe8 18. Ne2 h6 19. Be3 Nh7 20. h4 b5 21. b3 a5 22. Ng3 bxc4 23. bxc4 f6 24. Rb7 Rec8 25. Rhb1 Qd8 26. R1b6 Ne8 27. Qb2 Nf8 28. h5 1/2-1/2

[Event "33rd Croatian Junior League 2024"]
[Site "Novalja"]
[Date "2024.04.06"]
[Round "7.2"]
[White "Franc, Borna"]
[Black "Konjevic, Nikola"]
[Result "1-0"]
[ECO "C54"]
[WhiteElo "2221"]
[BlackElo "2056"]
[Annotator "RC"]
[PlyCount "90"]
[EventDate "2024.03.28"]
[EventType "team-tourn"]
[EventCountry "CRO"]
[SourceTitle "playchess.com"]
[Source "ChessBase"]
[SourceQuality "1"]
[TimeControl "5400+30"]

1. e4 e5 2. Nf3 Nc6 3. Bc4 Bc5 4. c3 Nf6 5. d3 d6 6. Nbd2 a6 7. b4 Ba7 8. Nf1 Be6 9. Ng3 h6 10. Bb3 O-O 11. Be3 Bxb3 12. Qxb3 d5 13. Bxa7 Rxa7 14. O-O Re8 15. a4 Qd7 16. Rfe1 dxe4 17. dxe4 Qe6 18. Nd2 Raa8 19. Qxe6 Rxe6 20. Nc4 g6 21. b5 Nb8 22. Red1 Nbd7 23. f3 Kf8 24. Nf1 Ke7 25. Nfe3 c6 26. bxa6 Rxa6 27. a5 Nc5 28. Nf5+ Kf8 29. Nfd6 Ra8 30. Nb6 Rd8 31. Nxb7 Rd4 32. Rac1 Rxd1+ 33. Rxd1 Na6 34. Rd8+ Re8 35. Rd6 Re6 36. Rxe6 fxe6 37. Nd8 c5 38. Nc6 Ne8 39. Nxe5 Kg7 40. Kf2 Nd6 41. Ke3 Kf6 42. Nec4 Nb5 43. Kd3 Ke7 44. h4 Nac7 45. Ne5 Kd6 1-0

[Event "33rd Croatian Junior League 2024"]
[Site "Novalja"]
[Date "2024.04.06"]
[Round "7.3"]
[White "Car, Filip"]
[Black "Marfat, Ivan"]
[Result "1/2-1/2"]
[ECO "E04"]
[WhiteElo "2106"]
[BlackElo "1903"]
[Annotator "RC"]
[PlyCount "73"]
[EventDate "2024.03.28"]
[EventType "team-tourn"]
[EventCountry "CRO"]
[SourceTitle "playchess.com"]
[Source "ChessBase"]
[SourceQuality "1"]
[TimeControl "5400+30"]

1. d4 d5 2. c4 e6 3. Nf3 Nf6 4. g3 dxc4 5. Bg2 Bb4+ 6. Bd2 c5 7. Bxb4 cxb4 8. Qa4+ Nc6 9. Ne5 Bd7 10. Nxc6 Bxc6 11. Bxc6+ bxc6 12. Qxb4 Qxd4 13. Nd2 Ng4 14. e3 Qd5 15. O-O Ne5 16. f4 Nd3 17. Qxc4 O-O 18. Qc3 Rfd8 19. Rfd1 Ne1 20. e4 Qd3 21. Qxd3 Nxd3 22. Nc4 Rd4 23. b3 Rad8 24. Kf1 f6 25. e5 fxe5 26. Nxe5 Nxe5 27. Rxd4 Rxd4 28. fxe5 Rd5 29. Re1 Kf7 30. Re4 Ra5 31. a4 Rd5 32. Ke2 Kg6 33. Rg4+ Kf7 34. Re4 Kg6 35. Rg4+ Kf7 36. Rf4+ Kg6 37. Rg4+ 1/2-1/2

[Event "33rd Croatian Junior League 2024"]
[Site "Novalja"]
[Date "2024.04.06"]
[Round "7.4"]
[White "Mesic, Josip"]
[Black "Mandaric, Fran"]
[Result "1-0"]
[ECO "E16"]
[WhiteElo "1745"]
[BlackElo "1933"]
[Annotator "RC"]
[PlyCount "64"]
[EventDate "2024.03.28"]
[EventType "team-tourn"]
[EventCountry "CRO"]
[SourceTitle "playchess.com"]
[Source "ChessBase"]
[SourceQuality "1"]
[TimeControl "5400+30"]

1. d4 Nf6 2. c4 e6 3. Nf3 Bb4+ 4. Bd2 Qe7 5. g3 O-O 6. Bg2 Bxd2+ 7. Qxd2 d5 8. Nc3 b6 9. O-O Bb7 10. Ne5 c5 11. cxd5 exd5 12. e3 Ne4 13. Nxe4 dxe4 14. Qc3 f6 15. Nc4 Na6 16. a3 Rac8 17. d5 Bxd5 18. Rfd1 Qe6 19. Bf1 Nc7 20. Rd2 Rfd8 21. Rad1 Kf8 22. h4 b5 23. Na5 Qb6 24. b4 cxb4 25. Qxb4+ Ke8 26. Bh3 Na6 27. Qb2 Rb8 28. Rxd5 Rxd5 29. Rxd5 Qxa5 30. Qc2 Qc7 31. Qxe4+ Qe7 32. Qxh7 Rb7 1-0

[Event "33rd Croatian Junior League 2024"]
[Site "Novalja"]
[Date "2024.04.06"]
[Round "7.5"]
[White "Novosel, Lovro"]
[Black "Vucenovic, Damian"]
[Result "1-0"]
[ECO "A95"]
[WhiteElo "2348"]
[BlackElo "2145"]
[Annotator "RC"]
[PlyCount "205"]
[EventDate "2024.03.28"]
[EventType "team-tourn"]
[EventCountry "CRO"]
[SourceTitle "playchess.com"]
[Source "ChessBase"]
[SourceQuality "1"]
[TimeControl "5400+30"]

1. d4 d5 2. c4 e6 3. Nf3 Nf6 4. g3 Bb4+ 5. Bd2 Be7 6. Bg2 O-O 7. O-O c6 8. Qb3 Nbd7 9. Bb4 Ne4 10. Bxe7 Qxe7 11. Nc3 f5 12. Rad1 Kh8 13. Nd2 b6 14. cxd5 exd5 15. e3 Ndf6 16. Qa4 Bb7 17. Nf3 Nd7 18. Ne2 g5 19. Nc1 Rf6 20. Nd3 Rh6 21. Nfe5 Nxe5 22. Nxe5 a5 23. Rc1 Rf8 24. Rfe1 Qe8 25. Qd1 g4 26. Nd3 Qh5 27. h4 gxh3 28. Qxh5 Rxh5 29. Bf3 Rh6 30. Nf4 Ng5 31. Be2 c5 32. Red1 c4 33. Kh2 Ne4 34. Rf1 Nd2 35. Rh1 Ne4 36. Kg1 Ng5 37. f3 b5 38. Kf2 b4 39. Rh2 Rc8 40. Bd1 Bc6 41. Bc2 Rf8 42. Rch1 a4 43. Nxh3 Nxh3+ 44. Rxh3 Rxh3 45. Rxh3 b3 46. axb3 axb3 47. Bb1 Kg7 48. Ke2 Ra8 49. Kd2 Bd7 50. g4 Rf8 51. g5 Ra8 52. Rh6 Ra1 53. Kc1 Be8 54. f4 Bg6 55. Rh1 Kf7 56. Kd2 Ke7 57. Kc3 Ra7 58. Kb4 Kd6 59. Rh6 Rb7+ 60. Kc3 Rf7 61. Kb4 Kc6 62. Kc3 Kb5 63. Rh1 Ra7 64. Rh2 Re7 65. Rh3 Re8 66. Rg3 Rf8 67. Rh3 Kc6 68. Rh2 Ra8 69. Rh6 Kd7 70. Kb4 Ke6 71. Rh1 Rb8+ 72. Kc3 Kf7 73. Rh6 Kg7 74. Kd2 Ra8 75. Rh1 Ra1 76. Kc3 Bh5 77. Rxh5 Rxb1 78. Rh6 Rc1+ 79. Kb4 Rc2 80. Ka3 Re2 81. Re6 Kf7 82. Rf6+ Ke7 83. Rxf5 Rxe3 84. Rxd5 Rf3 85. f5 Rg3 86. f6+ Kf7 87. Kb4 c3 88. Kxb3 cxb2+ 89. Kxb2 Kg6 90. Rf5 Kf7 91. Kc2 Ra3 92. Re5 Kg6 93. d5 h6 94. gxh6 Kxf6 95. Rh5 Ra8 96. h7 Rh8 97. Kd3 Kg6 98. Rh1 Kf5 99. Kd4 Kf6 100. d6 Ke6 101. Rh6+ Kd7 102. Kd5 Rg8 103. hxg8=N 1-0

[Event "33rd Croatian Junior League 2024"]
[Site "Novalja"]
[Date "2024.04.06"]
[Round "7.6"]
[White "Dumancic, Simun"]
[Black "Karlusic, Luka"]
[Result "1/2-1/2"]
[ECO "B40"]
[WhiteElo "2027"]
[BlackElo "2232"]
[Annotator "RC"]
[PlyCount "135"]
[EventDate "2024.03.28"]
[EventType "team-tourn"]
[EventCountry "CRO"]
[SourceTitle "playchess.com"]
[Source "ChessBase"]
[SourceQuality "1"]
[TimeControl "5400+30"]

1. e4 c5 2. Nf3 e6 3. d4 cxd4 4. Nxd4 Nf6 5. Bd3 Nc6 6. Nxc6 dxc6 7. O-O e5 8. Nd2 Bc5 9. Nc4 Qc7 10. Be3 Bxe3 11. Nxe3 O-O 12. Qf3 Rd8 13. Rad1 Be6 14. Bc4 Bxc4 15. Nxc4 b5 16. Ne3 Rd4 17. Rxd4 exd4 18. Nf5 Qe5 19. Rd1 c5 20. Qg3 Qxg3 21. Nxg3 Rd8 22. f3 Kf8 23. Kf2 g6 24. Ne2 Ke7 25. b4 cxb4 26. Rxd4 Rc8 27. Rxb4 Rxc2 28. a4 bxa4 29. Rxa4 Rc7 30. Nd4 Nd7 31. Rxa7 Rxa7 32. Nc6+ Ke6 33. Nxa7 f5 34. exf5+ Kxf5 35. Nb5 g5 36. Kg3 Nf6 37. Nd6+ Kg6 38. Ne4 Nd5 39. Kf2 Nf4 40. g3 Nd5 41. Nd2 Kf5 42. Nc4 Kg6 43. Ne3 Nc3 44. f4 gxf4 45. gxf4 Ne4+ 46. Kf3 Nd6 47. Kg4 Ne4 48. f5+ Kg7 49. Kf4 Nf6 50. Ng4 Nd7 51. Kg5 Nc5 52. f6+ Kf7 53. Kf5 Nb7 54. Ne5+ Kf8 55. Nc4 Nc5 56. Nd6 Nb3 57. Ne4 Nd4+ 58. Ke5 Nf3+ 59. Ke6 Nd4+ 60. Ke5 Nf3+ 61. Kf4 Nxh2 62. Ng5 h6 63. Ne6+ Kf7 64. Kf5 Nf3 65. Nd8+ Ke8 66. Kg6 Kxd8 67. Kxh6 Ne5 68. Kg7 1/2-1/2